 Dungeon Crawl Stone Soup version 0.17-a0-802-g1f09329 (webtiles) character file.

167 RobertPalmer the Cutter (level 5, -2/30 HPs)
             Began as a Kobold Hunter on Apr 27, 2015.
             Slain by a hobgoblin (4 damage)
             ... on level 4 of the Dungeon.
             The game lasted 00:04:25 (3286 turns).

RobertPalmer the Cutter (Kobold Hunter)             Turns: 3286, Time: 00:04:26

Health: -2/30      AC:  3    Str: 11    XL:     5   Next: 76%
Magic:  5/5        EV: 14    Int: 10    God:
Gold:   176        SH:  0    Dex: 16    Spells: 0 memorised, 4 levels left

rFire  . . .     SeeInvis .     a - +0 short sword
rCold  . . .     Clarity  .     d - +0 leather armour
rNeg   . . .     SustAb   .     (shield restricted)
rPois  .         Gourm    .     (no helmet)
rElec  .         Spirit   .     (no cloak)
rCorr  .         Warding  .     (no gloves)
rMut   .         Stasis   .     (no boots)
MR     .....                    (no amulet)
Stlth  ++........               (no ring)
                                (no ring)

@: not resistant to hostile enchantments, unstealthy
A: carnivore 3
a: no special abilities


You were on level 4 of the Dungeon.
You were not hungry.

You visited 1 branch of the dungeon, and saw 4 of its levels.

You collected 176 gold pieces.

Inventory:

Hand weapons
 a - a +0 short sword (weapon)
 b - a +1 hand crossbow
Missiles
 c - 66 bolts
 k - 19 bolts of penetration
Armour
 d - a +0 leather armour (worn)
 o - a +1 pair of gloves
   (You found it on level 3 of the Dungeon)
Scrolls
 e - a scroll of random uselessness {unknown}
 f - a scroll of remove curse {unknown}
 g - 5 scrolls of identify {unknown}
 h - 2 scrolls of recharging {unknown}
 j - a scroll of fog {unknown}
 l - a scroll of fear {unknown}
 n - a scroll of enchant armour {unknown}
 q - a scroll of enchant weapon {unknown}
Potions
 m - a potion of restore abilities {unknown}
Comestibles
 i - 2 slices of pizza
 r - 2 meat rations {@e2}


   Skills:
 - Level 2.1 Fighting
 + Level 6.6 Short Blades
 - Level 4.8 Crossbows
 - Level 2.4 Dodging
 - Level 1.3 Stealth


You had 4 spell levels left.
You didn't know any spells.

Dungeon Overview and Level Annotations

Branches:
Dungeon (4/15)
 Temple: D:4-7

Altars:

Annotations:
D:3 Hanyuu's ghost, average OpTm


Innate Abilities, Weirdness & Mutations

You are small and have problems with some larger weapons.
You are carnivorous and can eat meat at any time.


Message History

You regained 3 hp, and now have 10/45 hp.
You start resting.
You feel less woody.
Your +0 leather armour unmelds from your body.
You now have 7/30 hp.
You start resting.
You feel a little less mighty now.
You regained 2 hp, and now have 9/30 hp.
Unknown command.
You start resting.
You start waiting.
Done waiting.
Health restored: 30
There is an open door here.
You now have 176 gold pieces (gained 10).
A giant newt comes into view.
A giant newt is nearby!
A giant newt is nearby!
A giant newt is nearby!
b - a +1 hand crossbow (weapon)
Aim: a giant newt You shoot a bolt.
The bolt hits the giant newt.
Aim: a giant newt (moderately wounded)
You shoot a bolt. The bolt closely misses the giant newt.
Aim: a giant newt (moderately wounded)
You shoot a bolt. The bolt misses the giant newt.
Aim: a giant newt (moderately wounded)
You shoot a bolt. The bolt barely misses the giant newt.
Aim: a giant newt (moderately wounded)
You shoot a bolt. The bolt hits the giant newt!
You kill the giant newt!
a - a +0 short sword (weapon)
Unknown command.
c - 63 bolts (gained 1)
l - a scroll labeled HIJIUQE TONK
c - 64 bolts (gained 1)
c - 65 bolts (gained 1)
c - 66 bolts (gained 1)
m - a fuming green potion You open the door.
There is an open door here.
You open the door.
There is an open door here.
You open the door.
Found a stone staircase leading down.
A river rat comes into view.
There is an open door here.
A river rat is nearby!
A river rat is nearby!
A river rat is nearby!
A hobgoblin and a skeleton come into view.
The hobgoblin shouts!
The giant frog skeleton moves out of view.
The river rat bites you.
You take 4 damage, and have 26/30 hp.
You hit the river rat. You barely miss the river rat.
The river rat closely misses you.
You hit the river rat but do no damage. The river rat barely misses you.
You hit the river rat but do no damage. The river rat closely misses you.
You closely miss the river rat.
The hobgoblin hits you but does no damage.
The giant frog skeleton hits you.
You take 2 damage, and have 24/30 hp.
You hit the river rat. The river rat closely misses you.
The giant frog skeleton barely misses you.
You closely miss the river rat. The hobgoblin closely misses you.
The river rat barely misses you.
The giant frog skeleton barely misses you.
You hit the river rat. The hobgoblin hits you. The river rat bites you!
The giant frog skeleton barely misses you.
You take 14 damage, and have 10/30 hp.
MASSIVE DAMAGE!!
The hobgoblin closely misses you.
The giant frog skeleton completely misses you.
There is an open door here.
You hit the giant frog skeleton.
The giant frog skeleton closely misses you.
You hit the giant frog skeleton.
The giant frog skeleton closely misses you.
You hit the giant frog skeleton but do no damage.
The giant frog skeleton misses you.
You hit the giant frog skeleton.
The giant frog skeleton completely misses you.
You hit the giant frog skeleton.
The giant frog skeleton closely misses you.
You hit the giant frog skeleton. The giant frog skeleton hits you.
* * * LOW HITPOINT WARNING * * *
You take 6 damage, and have 5/30 hp.
You hit the giant frog skeleton. The giant frog skeleton hits you.
* * * LOW HITPOINT WARNING * * *
You take 1 damage, and have 4/30 hp.
Unknown command.
You hit the giant frog skeleton. The giant frog skeleton hits you.
* * * LOW HITPOINT WARNING * * *
You take 2 damage, and have 2/30 hp.
You hit the giant frog skeleton.
You destroy the giant frog skeleton!
Unknown command.
You hit the hobgoblin. The hobgoblin hits you.
You die...

P. . ..♣. ♣... .#
♣♣♣♣.♣♣♣.♣♣.♣ ♣..♣ .♣##
♣PP..♣P♣.%..♣♣♣♣.♣♣♣♣.♣.#
♣.P....♣♣♣PP.♣§§≈PP.♣♣.♣
♣♣....♣.♣♣...P♣♣§§§.....
#.....r.................
+.....g.r..#............
###..###g######.......##
#.. #@..######'#......
#... +..........#......
#... #..........'......
#... #..(.......#......
+... #>.........#...... #
############......
#######


You could see a river rat and a hobgoblin.

Vanquished Creatures
  A crimson imp (D:4)
  A giant frog skeleton (D:4)
  3 adders
  A river rat (D:4)
  An ooze (D:1)
  3 worms (D:2)
  A giant gecko (D:2)
  5 bats
  6 giant cockroaches
  6 goblins
  4 hobgoblins
  4 jackals
  A quokka (D:2)
  A ball python (D:3)
  4 giant newts
  10 kobolds
  6 rats
58 creatures vanquished.

Notes
Turn   | Place    | Note
--------------------------------------------------------------
     0 | D:1      | RobertPalmer, the Kobold Hunter, began the quest for the Orb.
     0 | D:1      | Reached XP level 1. HP: 12/12 MP: 1/1
   168 | D:1      | Reached skill level 1 in Short Blades
   237 | D:1      | Reached skill level 2 in Short Blades
   237 | D:1      | Reached XP level 2. HP: 17/17 MP: 2/2
   523 | D:2      | Reached skill level 3 in Short Blades
   523 | D:2      | Reached XP level 3. HP: 6/21 MP: 3/3
  1186 | D:2      | Reached skill level 4 in Short Blades
  1497 | D:2      | HP: 5/21 [adder (5)]
  1498 | D:2      | Reached XP level 4. HP: 6/26 MP: 4/4
  1503 | D:2      | HP: 5/26 [poisoned by an adder]
  2325 | D:3      | Reached skill level 5 in Short Blades
  2439 | D:3      | Noticed Hanyuu's ghost (average OpTm)
  2763 | D:4      | Reached XP level 5. HP: 20/30 MP: 5/5
  2831 | D:4      | HP: 6/30 [crimson imp (3)]
  2836 | D:4      | HP: 3/30 [crimson imp (1)]
  2848 | D:4      | Reached skill level 6 in Short Blades
  3282 | D:4      | HP: 5/30 [giant frog skeleton (6)]
  3284 | D:4      | HP: 2/30 [giant frog skeleton (2)]
  3286 | D:4      | Slain by a hobgoblin

Action                   |  1- 3 |  4- 6 || total
-------------------------+-------+-------++-------
Melee: Short sword       |   135 |   169 ||   304
 Fire: Hand crossbow     |    11 |    15 ||    26
  Use: Potion            |       |     3 ||     3
 Stab: Sleeping          |     2 |     3 ||     5
  Eat: Chunk             |     3 |       ||     3
       Meat ration       |     1 |       ||     1

Vault maps used:
D:1:      dpeg_arrival_prison, minmay_surrounded
D:3:      minmay_quantized
D:4:      wad_woods_tower, lemuel_crystal_altar

Table legend:
 A = Turns spent in this place as a percentage of turns spent in the entire game.
 B = Non-inter-level travel turns spent in this place as a percentage of non-inter-level travel turns spent in the entire game.
 C = Inter-level travel turns spent in this place as a percentage of turns spent in this place.
 D = Turns resting spent in this place as a percentage of non-inter-level travel turns spent in this place.
 E = Turns spent auto-exploring this place as a percentage of non-inter-level travel turns spent in this place.
 F = Non-inter-level travel turns spent in this place divided by the number of levels of this place that you've seen.
                   A       B       C       D       E      F
               +-------+-------+-------+-------+-------+----------------------
         Total | 100.0 | 100.0 |   0.3 |   2.1 |   9.3 | 231.2
       Dungeon | 100.0 | 100.0 |   0.3 |   2.1 |   9.3 | 231.2
               +-------+-------+-------+-------+-------+----------------------

Table legend:
 A = Kills in this place as a percentage of kills in entire the game.
 B = Kills by you in this place as a percentage of kills by you in the entire game.
 C = Kills by friends in this place as a percentage of kills by friends in the entire game.
 D = Other kills in this place as a percentage of other kills in the entire game.
 E = Experience gained in this place as a percentage of experience gained in the entire game.
 F = Experience gained in this place divided by the number of levels of this place that you have seen.
                   A       B       C       D       E      F
               +-------+-------+-------+-------+-------+----------------------
         Total | 100.0 | 100.0 |  -nan |  -nan | 100.0 |  59.8
       Dungeon | 100.0 | 100.0 |  -nan |  -nan | 100.0 |  59.8
               +-------+-------+-------+-------+-------+----------------------
